Map: Blood Boil LE

Players

Stephano - Winner!

  • Race: Zerg Zerg
  • Spawn Location: 5:00

Dayshi

  • Race: Terran Terran
  • Spawn Location: 11:00

Event: WCS Valencia 2017

VOD

Have the link to the VOD?

Description

Time

  • Played on: July 13, 2017, 11:02 a.m.
  • Length: 21:00

All games in this series

Show
View Real Time Build Order
Export as new Build Order

Stephano Zerg - Winner!

Build Orders: Hatch First 

Get SALT Encoding   

  12  0:00  Unknown, Drone  
  13  0:12  Overlord  
  13  0:17  Drone  
  14  0:31  Drone x2  
  14  0:34  Drone  
  17  0:53  Hatchery  
  17  0:55  Drone  
  17  0:59  Extractor  
  17  1:01  Drone  
  17  1:15  Spawning Pool  
  17  1:18  Drone  
  17  1:21  Drone  
  18  1:28  Drone  
  19  1:39  Overlord  
  19  1:50  Drone  
  20  2:01  Queen  
  20  2:02  Metabolic Boost  
  20  2:04  Queen  
  20  2:07  Zergling x2  
  25  2:10  Zergling x2  
  25  2:13  Drone  
  27  2:15  Drone  
  27  2:22  Drone  
  29  2:26  Drone  
  30  2:35  Drone  
  31  2:42  Queen  
  32  2:48  Hatchery  
  32  2:50  Drone  
  32  2:52  Drone  
  32  2:56  Overlord  
  33  3:00  Drone  
  33  3:02  Drone  
  35  3:06  Drone  
  35  3:09  Spore Crawler  
  35  3:11  Drone  
  36  3:16  Drone  
  36  3:17  Spore Crawler  
  37  3:24  Drone x2  
  37  3:25  Drone x2  
  37  3:26  Drone x2  
  44  3:34  Overlord  
  44  3:45  Evolution Chamber, Overlord  
  44  3:47  Evolution Chamber, Drone  
  43  3:51  Queen  
  43  3:52  Drone  
  43  3:53  Drone x3  
  49  3:56  Drone x2  
  49  3:59  Drone  
  49  4:02  Drone x2  
  54  4:07  Queen  
  56  4:12  Zergling x6  
  56  4:16  Spore Crawler  
  58  4:24  Drone  
  58  4:25  Drone  
  58  4:26  Drone  
  58  4:27  Drone x3  
  58  4:30  Spore Crawler x2, Drone  
  63  4:34  Queen  
  63  4:35  Drone  
  66  4:41  Overlord  
  66  4:42  Overlord  
  66  4:44  Overlord  
  66  4:49  Overlord  
  66  4:58  Overlord  
  66  4:59  Overlord  
  66  5:02  Overlord  
  66  5:05  Overlord  
  66  5:07  Drone x3  
  68  5:08  Drone  
  68  5:10  Drone  
  68  5:12  Overlord  
  68  5:14  Zerg Ground Armor Level 1, Drone  
  71  5:15  Drone  
  71  5:17  Spine Crawler  
  71  5:21  Zergling x8  
  75  5:23  Zerg Missile Weapons Level 1  
  76  5:31  Zergling x2  
  76  5:32  Zergling x6  
  76  5:37  Zergling x2  
  67  5:44  Zergling x2  
  67  5:45  Zergling x8  
  70  5:51  Zergling x6  
  70  5:55  Drone x2  
  70  5:56  Drone  
  74  6:01  Extractor, Drone x2  
  74  6:02  Drone  
  75  6:11  Drone x2  
  75  6:12  Drone  
  75  6:13  Lair  
  75  6:17  Extractor  
  75  6:19  Extractor  
  75  6:20  Extractor  
  75  6:23  Drone x2  
  75  6:24  Drone x3  
  78  6:27  Drone  
  78  6:31  Overlord  
  79  6:33  Drone x3  
  79  6:35  Baneling Nest  
  81  6:43  Overlord x2  
  81  6:45  Drone x2  
  83  6:47  Drone  
  84  6:57  Queen x2, Overlord  
  87  7:02  Hatchery, Drone x2  
  87  7:05  Drone  
  88  7:11  Overlord  
  88  7:16  Drone x4  
  88  7:17  Zergling x10  
  88  7:18  Zerg Ground Armor Level 2, Zergling x4  
  88  7:19  Hydralisk Den  
  98  7:24  Zerg Missile Weapons Level 2  
  98  7:26  Centrifical Hooks  
  98  7:27  Baneling  
  98  7:28  Baneling  
  98  7:29  Zergling x4  
  100  7:31  Zergling x6  
  100  7:34  Zergling x6  
  105  7:45  Zergling x12  
  111  7:54  Overlord  
  109  7:59  Hydralisk x4  
  109  8:01  Muscular Augments  
  117  8:07  Hydralisk x4  
  117  8:11  Drone x4  
  129  8:15  Pneumatized Carapace  
  129  8:19  Drone x2  
  131  8:22  Hydralisk x2  
  135  8:27  Hydralisk  
  135  8:31  Drone x2  
  132  8:34  Hydralisk x2  
  132  8:36  Zergling x2  
  132  8:37  Zergling x12  
  131  8:52  Zergling x22  
  137  8:56  Extractor  
  137  8:57  Extractor  
  137  8:58  Infestation Pit  
  137  8:59  Baneling  
  137  9:00  Hydralisk, Baneling x4  
  137  9:02  Drone x2  
  138  9:03  Drone x2  
  140  9:12  Zergling x2  
  140  9:13  Zergling x16  
  140  9:14  Overseer  
  149  9:18  Zergling x6  
  135  9:38  Hive  
  135  9:43  Hydralisk x7  
  135  9:45  Overlord  
  149  9:47  Overlord  
  144  10:01  Drone x2  
  144  10:02  Drone x6  
  152  10:12  Zerg Melee Weapons Level 1  
  152  10:13  Overlord  
  152  10:18  Hydralisk x8  
  168  10:34  Overseer  
  168  10:41  Baneling x8, Zergling x2  
  168  10:42  Zergling x26  
  181  10:55  Zergling x12  
  184  11:07  Zergling x2  
  184  11:08  Zergling x6  
  187  11:15  Overlord  
  187  11:17  Adrenal Glands  
  187  11:18  Zerg Ground Armor Level 3  
  187  11:19  Zergling x10  
  187  11:20  Ultralisk Cavern  
  187  11:25  Overlord  
  189  11:27  Hatchery  
  182  11:38  Zergling x20  
  191  12:18  Chitinous Plating, Zerg Melee Weapons Level 2  
  191  12:23  Baneling x9  
  191  12:26  Zergling x6  
  191  12:27  Zergling x10  
  161  12:51  Zergling x2  
  161  12:52  Zergling x34  
  161  12:57  Ultralisk  
  164  13:08  Ultralisk  
  164  13:09  Ultralisk x2  
  182  13:13  Drone x2  
  182  13:14  Drone x3  
  182  13:17  Drone x2  
  182  13:19  Drone  
  190  13:30  Ultralisk  
  196  13:37  Extractor  
  195  13:41  Hatchery  
  195  13:42  Spire  
  193  13:55  Zerg Missile Weapons Level 3  
  193  14:09  Overseer  
  193  14:10  Overseer  
  193  14:14  Viper x2  
  181  14:40  Viper x3  
  181  14:43  Viper  
  181  14:45  Hydralisk x12  
  155  14:50  Zergling x14  
  155  14:51  Queen  
  172  14:57  Ultralisk x2  
  172  14:59  Zerg Flyer Armor Level 1  
  184  15:03  Zergling x14  
  191  15:08  Queen x2  
  191  15:13  Zerg Melee Weapons Level 3  
  191  15:14  Zergling x10  
  196  15:16  Baneling x3  
  196  15:17  Baneling x5  
  196  15:20  Extractor  
  196  15:21  Spore Crawler  
  198  15:22  Spore Crawler  
  198  15:23  Spore Crawler, Drone  
  198  15:24  Drone x3  
  200  15:34  Spore Crawler  
  198  15:39  Queen  
  177  16:13  Zergling x42  
  177  16:14  Zergling x10  
  177  16:27  Ultralisk x3  
  175  16:37  Hydralisk x6  
  175  16:38  Hydralisk x8  
  199  16:56  Hatchery, Spine Crawler  
  199  16:57  Spine Crawler  
  199  16:59  Spine Crawler  
  195  17:23  Burrow  
  195  17:37  Zerg Flyer Armor Level 2  
  192  17:55  Evolution Chamber  
  192  17:57  Evolution Chamber  
  189  18:00  Baneling  
  189  18:01  Baneling x9, Overlord x3  
  189  18:02  Zergling x6  
  189  18:03  Zergling x10  
  192  18:17  Hatchery  
  187  18:29  Hatchery  
  187  18:32  Zergling x36  
  195  18:36  Evolution Chamber  
  195  18:39  Evolution Chamber  
  193  18:43  Evolution Chamber  
  160  18:57  Hydralisk  
  160  18:58  Hydralisk x13  
  164  19:04  Hydralisk x10  
  167  19:20  Drone x6  
  173  19:31  Hydralisk x12  
  175  19:42  Hydralisk x7  
  177  19:52  Hydralisk x4  
  175  19:53  Hydralisk  
  185  20:01  Zergling x10  
  185  20:02  Zergling x10  
  193  20:16  Zergling x20  
  193  20:20  Zergling x2  
  193  20:21  Zergling x2  
Show
View Real Time Build Order
Export as new Build Order

Dayshi Terran 

Build Orders: Reaper Expand, Hellion Banshee, MMM Bio 

Get SALT Encoding   

  12  0:00  Unknown, SCV  
  13  0:12  SCV  
  14  0:18  Supply Depot  
  14  0:24  SCV  
  15  0:31  Refinery  
  15  0:39  SCV  
  16  0:46  Barracks  
  16  0:52  SCV  
  17  1:04  SCV  
  18  1:16  SCV  
  19  1:33  Orbital Command, Reaper  
  20  1:46  Command Center  
  20  1:56  Factory  
  20  2:00  SCV  
  21  2:10  Barracks Reactor, Supply Depot  
  21  2:14  SCV  
  22  2:19  Refinery  
  22  2:26  SCV  
  23  2:38  SCV  
  24  2:46  Starport  
  24  2:50  SCV  
  25  2:52  Hellion x2  
  25  2:57  Barracks Tech Lab  
  29  2:59  Orbital Command  
  29  3:02  SCV  
  30  3:14  Hellion x2  
  34  3:20  SCV  
  34  3:27  SCV  
  34  3:31  Banshee, Cloaking Field  
  38  3:35  Supply Depot  
  38  3:36  SCV  
  37  3:41  Hellion  
  37  3:45  Hellion  
  37  3:47  SCV  
  40  3:49  SCV  
  40  3:50  Barracks Tech Lab  
  41  3:59  SCV, Supply Depot  
  41  4:01  SCV  
  43  4:08  Marine  
  43  4:09  Stimpack  
  44  4:11  SCV  
  44  4:14  Hellion x2  
  44  4:15  SCV  
  50  4:22  Supply Depot  
  50  4:25  Banshee  
  50  4:27  SCV  
  50  4:28  SCV  
  50  4:31  Marine  
  55  4:38  Hellion x2  
  60  4:39  SCV  
  60  4:41  SCV  
  62  4:46  Supply Depot  
  62  4:51  Marine  
  62  4:52  SCV  
  64  4:53  SCV  
  65  5:02  Command Center  
  65  5:04  SCV  
  65  5:05  SCV  
  67  5:09  Marine  
  68  5:14  Factory Reactor  
  68  5:16  Barracks  
  68  5:18  Barracks  
  68  5:22  SCV x2, Engineering Bay  
  68  5:24  Engineering Bay  
  70  5:41  Marine  
  71  5:43  SCV x2  
  71  5:45  Barracks x2  
  65  5:52  Starport Reactor  
  65  5:55  SCV x2  
  59  5:58  Terran Infantry Armor Level 1, Terran Infantry Weapons Level 1  
  59  5:59  Refinery  
  59  6:02  Refinery  
  59  6:07  SCV  
  59  6:08  SCV, Marine  
  59  6:10  Marine x2  
  61  6:11  Combat Shields  
  61  6:13  SCV  
  61  6:17  Marine  
  61  6:18  Marine  
  64  6:19  SCV  
  64  6:22  SCV  
  64  6:23  Supply Depot  
  66  6:26  Marine, Orbital Command  
  66  6:28  Marine x2  
  66  6:29  Medivac  
  66  6:31  Medivac  
  66  6:32  SCV  
  74  6:34  Barracks Reactor x2, SCV  
  74  6:35  Marine  
  76  6:40  Marine  
  76  6:44  SCV, Marine  
  76  6:45  Marine, Supply Depot  
  76  6:46  Marine, SCV  
  82  6:50  Siege Tank  
  82  6:53  SCV  
  86  6:55  Armory  
  86  6:56  Marine  
  86  6:57  Marine  
  88  7:03  Marine  
  88  7:04  Marine  
  90  7:09  Marine  
  90  7:13  SCV x3, Marine, Supply Depot  
  92  7:15  Marine  
  92  7:16  Marine  
  92  7:17  Marine x2, Refinery, Supply Depot  
  92  7:19  Medivac x2  
  92  7:22  Marine x2  
  101  7:23  Marine  
  101  7:25  SCV x2  
  101  7:26  Siege Tank, Marine  
  109  7:34  Marine, SCV  
  111  7:37  SCV  
  111  7:38  Supply Depot  
  111  7:39  Marine x4  
  114  7:52  Marine x2  
  116  7:58  Marine x2  
  116  7:59  Marine x4  
  116  8:03  SCV x2, Barracks x2, Supply Depot  
  116  8:04  Barracks, Supply Depot  
  116  8:05  Supply Depot, Terran Infantry Weapons Level 2  
  125  8:06  Terran Infantry Armor Level 2  
  125  8:08  Terran Vehicle Weapons Level 1  
  124  8:13  Marine x2  
  124  8:16  Siege Tank, Marine  
  131  8:20  Marine x2  
  131  8:22  Marine  
  131  8:25  Medivac x2  
  131  8:26  Supply Depot  
  137  8:28  Marine, Supply Depot  
  129  8:35  Marine x2  
  129  8:36  Marauder, Marine x2  
  129  8:39  Marine x2  
  129  8:40  Marine  
  133  8:46  Marine  
  133  8:51  Supply Depot  
  130  8:57  Marine  
  130  8:58  Marauder, Marine x4  
  137  9:04  Marine x3  
  137  9:06  Siege Tank, Medivac x2  
  137  9:09  Factory, Barracks Tech Lab  
  147  9:10  Barracks Tech Lab x2  
  147  9:13  Supply Depot  
  147  9:14  Supply Depot  
  147  9:15  Marine x2  
  147  9:16  Marine x2  
  151  9:22  Marauder, Marine x3  
  156  9:30  Marine x2  
  156  9:31  Marauder, Marine  
  156  9:37  Marine, Medivac x2  
  156  9:38  Siege Tank, Marine x3  
  155  9:39  Marine x2  
  155  9:40  Marine  
  155  9:43  Marauder  
  156  9:48  Marine  
  156  9:49  Marauder x2  
  156  9:52  Marine  
  149  10:00  Marine  
  149  10:01  Marine x6  
  149  10:05  Marauder  
  149  10:06  Marine  
  154  10:07  Medivac x2, Factory Tech Lab  
  154  10:10  Siege Tank, Marauder x2  
  154  10:11  Command Center  
  154  10:13  Marauder  
  167  10:18  Marine x2  
  169  10:23  Marine  
  169  10:26  Marauder  
  175  10:31  Marauder, Marine  
  175  10:32  Marauder, Marine x2  
  175  10:35  Marauder, Terran Infantry Weapons Level 3  
  181  10:42  Marine  
  182  10:48  Marauder  
  184  10:53  Marauder, Marine  
  184  10:54  Marauder, Marine x2  
  184  10:56  Marauder  
  181  11:02  Terran Infantry Armor Level 3  
  181  11:06  Marine  
  181  11:09  Marauder  
  182  11:12  Refinery  
  182  11:14  Marauder  
  182  11:15  Marauder  
  182  11:18  Marauder  
  188  11:20  Marine x2  
  190  11:26  Marine x2  
  190  11:27  Marine x4  
  190  11:30  Marauder  
  198  11:36  Marauder  
  200  11:45  Command Center  
  192  12:02  Siege Tank x2  
  198  12:09  Planetary Fortress  
  188  12:17  Starport  
  188  12:18  Starport  
  188  12:20  SCV  
  188  12:22  Marine x2  
  192  12:23  Marauder  
  192  12:26  Marine  
  194  12:34  Marine  
  194  12:35  Marauder x2, Marine  
  200  12:40  Liberator x2, Marine  
  151  12:55  Marauder, Marine x3  
  151  12:56  Marauder x3, Marine x4  
  151  12:57  Siege Tank x2  
  155  13:02  Marine  
  155  13:04  Unknown  
  147  13:13  Marine x3  
  147  13:14  Marine x4  
  147  13:17  Marauder x2  
  147  13:18  Marauder x2, Starport Reactor, Starport Tech Lab  
  162  13:20  Marine  
  162  13:26  Refinery  
  163  13:29  Siege Tank x2  
  163  13:30  Marine  
  163  13:31  Marine x3  
  163  13:32  Fusion Core, Marine x3  
  176  13:37  Marine  
  176  13:38  Marauder x2  
  176  13:39  Marauder, Marine  
  184  13:46  Command Center  
  184  13:48  Marine x2  
  184  13:49  Marine x4  
  184  13:50  Marine  
  184  13:55  Marine  
  190  13:56  Marine  
  190  13:59  Marauder, Marine  
  190  14:00  Marine  
  190  14:01  Siege Tank  
  190  14:02  Ghost Academy  
  199  14:06  Marine  
  199  14:07  Command Center  
  200  14:10  Orbital Command  
  200  14:15  Sensor Tower  
  200  14:34  Marine x2  
  200  14:37  Liberator  
  193  14:41  Marine x2  
  193  14:42  Marauder  
  193  14:44  Marauder, Marine  
  174  14:52  Marine x3  
  167  14:53  Marauder x2, Marine, Medivac  
  167  14:54  Medivac x3  
  181  15:06  Liberator  
  181  15:09  Orbital Command  
  181  15:10  Terran Ship Weapons Level 1  
  181  15:16  Siege Tank x2  
  181  15:20  Orbital Command  
  187  15:23  Refinery  
  187  15:25  Ghost x2  
  194  15:33  Ghost  
  196  15:39  Marine  
  196  15:40  Marauder  
  188  15:53  Marine x4  
  188  15:54  Marauder  
  171  16:12  Viking x4  
  171  16:13  Viking  
  155  16:25  Liberator  
  137  16:28  Ghost x2  
  123  16:36  Marine  
  123  16:37  Marauder, Marine x4  
  123  16:38  Siege Tank, Marauder, Marine x2  
  123  16:39  Siege Tank  
  116  16:43  Liberator  
  116  16:44  Marine  
  120  16:54  Marine x2  
  120  16:55  Marine x4  
  120  16:56  Marine  
  120  16:58  Marauder x3  
  120  16:59  Marauder  
  138  17:02  Marine  
  138  17:05  Viking  
  138  17:12  Marine x2  
  138  17:13  Marine x5  
  142  17:19  Marauder x2  
  142  17:20  Marauder x2, Marine  
  150  17:25  Medivac  
  151  17:30  Marine x2  
  151  17:31  Marine x5  
  151  17:32  Medivac  
  160  17:37  Marine  
  160  17:40  Marauder  
  160  17:41  Marauder x2, Marine  
  168  17:48  Marine x2  
  170  17:53  Orbital Command  
  170  18:00  Marauder, Marine  
  170  18:01  Ghost  
  170  18:02  Marauder, Ghost  
  170  18:05  Marine x3  
  182  18:22  Orbital Command  
  175  18:37  Sensor Tower  
  175  18:38  Siege Tank x2, Viking x3  
  175  18:39  Viking  
  189  18:47  Refinery, Viking  
  181  18:51  Unknown x3  
  181  18:52  Unknown x3  
  155  18:57  Marine x3  
  155  18:58  Marauder  
  155  18:59  Marine x2  
  155  19:02  Marauder, Marine  
  136  19:03  Marine  
  136  19:04  Marine  
  136  19:07  Marine  
  136  19:08  Marauder, Viking x3  
  140  19:15  Marine x3  
  135  19:19  Marauder  
  135  19:20  Refinery  
  135  19:23  Siege Tank  
  140  19:31  Marine  
  141  19:35  Orbital Command  
  118  19:38  Marine  
  118  19:39  Marauder  
  115  19:46  Concussive Shells  
  115  19:47  Marauder x3, Marine x6  
  115  19:48  Marine  
  128  19:58  Marine  
  129  20:00  Marauder  
  129  20:01  Unknown x2  
  129  20:04  Marine  
  129  20:05  Marine x3  
  133  20:08  Marauder x3  
  133  20:15  Marine x2  
  133  20:19  Marine x2  
  135  20:21  Siege Tank, Marauder  
  135  20:22  Marine x2  
  135  20:23  Marine x2  
  141  20:30  Marauder x2  
  141  20:31  Marine  
  141  20:33  Marine x2  
  148  20:37  Marine x2  
  148  20:40  Marine x3  
  148  20:41  Marine  
Tags
 
Add a new tag
Caveats
  • Supply blocks, unpowered buildings, or Contaminate may cause inaccurate times.
  • Supply counts are checked every 10 seconds.